 Dungeon Crawl Stone Soup version 0.30-a0-46-g5a63ccc183 (webtiles) character file.

Game seed: 17300140849242205630

165 LnG the Covered (level 5, -2/46 HPs)
             Began as a Hill Orc Fighter on Sept 1, 2022.
             Slain by Duvessa
             ... wielding a +0 rapier
              (9 damage)
             ... on level 4 of the Dungeon.
             The game lasted 00:08:21 (3622 turns).

LnG the Covered (Hill Orc Fighter)                  Turns: 3622, Time: 00:08:22

Health: -2/46      AC:  8    Str: 21    XL:     5   Next: 46%
Magic:  5/5        EV:  9    Int:  8    God:
Gold:   170        SH:  4    Dex: 10    Spells: 4/4 levels left

rFire   . . .      SeeInvis .    a - +0 war axe
rCold   . . .      Faith    .    c - +0 buckler
rNeg    . . .      Spirit   .    b - +0 scale mail
rPois   .          Reflect  .    h - +0 hat
rElec   .          Harm     .    (no cloak)
rCorr   .          Rampage  .    k - +0 pair of gloves
Will    .....                    (no boots)
Stlth   ..........               (no amulet)
HPRegen 0.15/turn                (no ring)
MPRegen 0.09/turn                (no ring)

@: mighty
A: no striking features
a: no special abilities


You were on level 4 of the Dungeon.
You visited 1 branch of the dungeon, and saw 4 of its levels.

You collected 170 gold pieces.

Inventory:

Hand Weapons
 a - a +0 war axe (weapon)
Missiles
 t - 3 boomerangs (quivered)
Armour
 b - a +0 scale mail (worn)
 c - a +0 buckler (worn)
 h - a +0 hat (worn)
 k - a +0 pair of gloves (worn)
Wands
 p - a wand of iceblast (3)
 r - a wand of acid (5)
Scrolls
 g - 2 scrolls of teleportation {unknown}
 l - a scroll of amnesia {unknown}
 m - 2 scrolls of immolation {unknown}
 s - 2 scrolls of identify {unknown}
 u - a scroll of brand weapon {unknown}
 v - a scroll of fear {unknown}
Potions
 e - 2 potions of heal wounds {unknown}
 f - a potion of berserk rage {unknown}
 i - a potion of brilliance {unknown}
 j - a potion of ambrosia {unknown}
 n - a potion of cancellation {unknown}
 o - a potion of invisibility {unknown}
 q - 2 potions of curing {unknown}


   Skills:
 + Level 4.1 Fighting
 + Level 4.3 Axes
 + Level 4.7 Armour
 + Level 1.1 Dodging
 + Level 0.1 Stealth
 + Level 3.8 Shields


You had 4 spell levels left.
You didn't know any spells.
Your spell library was empty.

Dungeon Overview and Level Annotations

Branches:
Dungeon (4/15)
 Temple: D:4-7

Altars:
Hepliaklqana
Ru
Yredelemnul

Annotations:
D:4 Dowan, Duvessa


Message History

You see here a +0 whip.
You see here a quokka corpse.
Found a sling.
You see here a +0 sling.
There is an open door here.
Duvessa and Dowan come into view.
Duvessa is wielding a +0 rapier and wearing a +1 ring mail of willpower.
Duvessa shouts!
Dowan shouts!
You hit Duvessa but do no damage. Duvessa hits you with a +0 rapier.
You closely miss Duvessa. You barely miss Duvessa. Duvessa closely misses you.
You slash Duvessa!
Duvessa is moderately wounded.
You hit Dowan. Dowan hits you but does no damage.
Duvessa hits you with a +0 rapier! Dowan casts a spell at you.
You resist with some effort. You block Duvessa's attack.
You barely miss Duvessa.
Duvessa is moderately wounded.
You hit Dowan. Dowan hits you but does no damage.
Duvessa gestures with her weapon.
Duvessa closely misses you.
You barely miss Duvessa.
Duvessa is moderately wounded.
You closely miss Dowan. Dowan barely misses you.
Duvessa hits you with a +0 rapier!
You are too injured to fight recklessly!
You are too injured to fight recklessly!
You are too injured to fight recklessly!
Duvessa attacks as you move away! Duvessa hits you with a +0 rapier.
Dowan casts a spell.
Dowan blinks!
You feel very mighty all of a sudden. Dowan hits you but does no damage.
Duvessa hits you but does no damage.
You slash Duvessa!
Duvessa is severely wounded.
You barely miss Dowan. Duvessa hits you with a +0 rapier!
* * * LOW HITPOINT WARNING * * *
Dowan barely misses you. Duvessa hits you with a +0 rapier!
You die...

#.#######
#.......#
#e# #@#
#e# #.#
#.# #.#
##.#
##..#
####...##
+.......#


You could see Duvessa and Dowan.

Vanquished Creatures
  Ijyb (D:3)
  Natasha (D:4)
  An orc wizard (D:4)
  3 adders
  A worm (D:2)
  4 dart slugs
  2 orcs (D:4)
  4 endoplasms
  A giant cockroach (D:3)
  5 goblins
  3 hobgoblins
  2 jackals (D:1)
  5 quokkas
  5 ball pythons
  4 bats (D:1)
  3 kobolds
  8 rats
53 creatures vanquished.

Notes
Turn   | Place    | Note
-------+----------+-------------------------------------------
     0 | D:1      | LnG the Hill Orc Fighter began the quest for the Orb.
     0 | D:1      | Reached XP level 1. HP: 19/19 MP: 1/1
    87 | D:1      | Reached XP level 2. HP: 24/27 MP: 2/2
   397 | D:1      | Reached XP level 3. HP: 33/33 MP: 3/3
  1022 | D:3      | Noticed Ijyb
  1190 | D:2      | Found a sacrificial altar of Ru.
  1273 | D:2      | Reached skill level 1 in Dodging
  1489 | D:2      | Found a faded altar of an unknown god.
  1525 | D:2      | Reached XP level 4. HP: 40/40 MP: 4/4
  1960 | D:3      | Killed Ijyb
  2234 | D:3      | Found a hazy altar of Hepliaklqana.
  2261 | D:3      | Found a basalt altar of Yredelemnul.
  3161 | D:4      | Reached XP level 5. HP: 36/46 MP: 5/5
  3405 | D:4      | Noticed Natasha
  3412 | D:4      | Killed Natasha
  3613 | D:4      | Noticed Duvessa
  3613 | D:4      | Noticed Dowan
  3622 | D:4      | Slain by Duvessa

Illustrated notes

Levels and vault maps discovered:
D:1:      amcnicky_arrival_choice, layout_basic, hex_tiny
D:2:      layout_basic, chequers_ecumenical_altar_grove, basic_altar,
          minmay_door_square, grunt_ministairs_7, dk_vineyard_3,
          amcnicky_mini_corridor_feature, corexii_item_surrounded_by_moat,
          chequers_serial_rivers_micro_b
D:3:      layout_loops_ring, mainiacjoe_overflow_alcove_1,
          mainiacjoe_overflow_tiny_flanked, dk_noncrumbling_4,
          hangedman_decor_clover_reticule, uniq_ijyb
D:4:      layout_loops_corners, mainiacjoe_overflow_brackets,
          ashenzari_conservatory_becter, minmay_snake_closets, uniq_duvessa,
          uniq_natasha

Skill      XL: |  1  2  3  4  5 |
---------------+----------------+-----
Axes           | 3 4 |  4.3
Dodging        | 1 |  1.1
Armour         | 4 |  4.7
Fighting       | 4 |  4.1
Stealth        | |  0.1
Shields        | |  3.8

Action                   |  1- 3 |  4- 6 || total
-------------------------+-------+-------++-------
Melee: War axe           |    77 |    75 ||   152
  Use: Potion            |       |     1 ||     1
Armor: Scale mail        |    36 |    36 ||    72
Dodge: Dodged            |    43 |    37 ||    80
Block: Buckler           |    20 |    18 ||    38

Table legend: (Time is in decaauts)
 A = Elapsed time spent in this place.
 B = Non-inter-level travel time spent in this place.
 C = Inter-level travel time spent in this place.
 D = Time resting spent in this place.
 E = Time spent auto-exploring this place.
 F = Levels seen in this place.
 G = Mean time per level.
                   A        B        C        D        E       F      G
               +--------+--------+--------+--------+--------+-----+--------+
         Total |   3682 |   3555 |    127 |    607 |   1915 |   4 |  920.5 |
       Dungeon |   3682 |   3555 |    127 |    607 |   1915 |   4 |  920.5 |
               +--------+--------+--------+--------+--------+-----+--------+

Top non-repeatable levels by time:
     D:3: 1134 daAuts
     D:2: 1048 daAuts
     D:1: 934 daAuts
     D:4: 565 daAuts
